 Dungeon Crawl Stone Soup version 0.20-a0-795-ga03948b (webtiles) character file.

300 Alarkh the Slasher (level 6, 24/48 HPs)
             Began as a Demonspawn Monk on Mar 1, 2017.
             Quit the game on level 4 of the Dungeon.
             The game lasted 00:02:44 (2390 turns).

Alarkh the Slasher (Demonspawn Monk)                Turns: 2390, Time: 00:02:45

Health: 24/48      AC:  5    Str: 11    XL:     6   Next: 13%
Magic:  6/6        EV: 14    Int: 13    God:
Gold:   185        SH:  0    Dex: 20    Spells: 5/5 levels left

rFire    . . .     SeeInvis .   i - +2 short sword (venom)
rCold    . . .     Gourm    .   b - +0 robe
rNeg     + . .     Faith    .   (no shield)
rPois    .         Spirit   .   h - +2 helmet
rElec    .         Reflect  .   (no cloak)
rCorr    .         Harm     .   (no gloves)
MR       .....                  (no boots)
Stlth    +++.......             n - amulet of magic regeneration
Regen    0.2/turn               (no ring)
MPRegen  0.2/turn               o - ring of positive energy

@: no status effects
A: claws 1, thin skeletal structure 2, rot immunity
a: no special abilities


You were on level 4 of the Dungeon.
You were not hungry.

You visited 1 branch of the dungeon, and saw 4 of its levels.

You collected 185 gold pieces.

Inventory:

Hand Weapons
 a - a +0 falchion
 i - a +2 short sword of venom (weapon)
Armour
 b - a +0 robe (worn)
 h - a +2 helmet (worn)
Jewellery
 n - an amulet of magic regeneration (around neck)
 o - a ring of positive energy (left claw)
 v - a cursed ring of loudness {unknown}
Scrolls
 e - 2 scrolls of identify
 f - a scroll of fear {unknown}
 k - 2 scrolls of magic mapping {unknown}
 m - 2 scrolls of fog {unknown}
 p - a scroll of immolation {unknown}
 q - 2 scrolls of noise {unknown}
 t - a scroll of enchant armour {unknown}
Potions
 g - a potion of curing
 j - 2 potions of cancellation
 l - a potion of resistance
 r - a potion of ambrosia
 u - a potion of berserk rage
Comestibles
 c - 6 bread rations
 d - 2 meat rations
 s - 4 chunks of flesh


   Skills:
 + Level 4.3 Fighting
 * Level 4.8 Long Blades
 + Level 3.8 Dodging
 - Level 1.7 Stealth


You had 5 spell levels left.
You didn't know any spells.

Dungeon Overview and Level Annotations

Branches:
Dungeon (4/15)
 Temple: D:4-7

Altars:
Wu Jian


Innate Abilities, Weirdness & Mutations

You have sharp fingernails.
You have a moderately thin skeletal structure. (Dex +4, Stealth+)
You are immune to rotting.


Message History

The orc barely misses you. The orc misses you.
Items here: )) [[ † a dagger; a robe; a mace; a chain mail; an orc corpse The orc hits you with a trident.
The orc closely misses you.
You hit the orc.
The orc is lightly wounded.
The orc misses you.
You closely miss the orc.
The orc is lightly wounded.
The orc misses you.
You hit the orc.
The orc is poisoned.
The orc is moderately wounded.
The orc closely misses you.
You hit the orc.
You kill the orc!
Things that are here:
a trident; a ring mail; an orc corpse Are you sure you want to abandon this character and quit the game? (Confirm with "yes".)

#.# ...........# #.#
.......... #.#
####.##..#.. ##.##
#........... #...
#.##.##..#.. #.?#
#.##.##..#..
#..#######.##.##..##.
###.............##..##.
#..).?@.####.#####..##.
#.#####)# #.# #......
#.# #!# #.# #.####. #.#
#)####.# #. #. #.#
#....#.# #. #.
#.#####.##.#.# #. #.
#..o....# #.# #.
####.#### #. #.# #.


There were no monsters in sight!

Vanquished Creatures
  An ogre (D:4)
  A scorpion (D:4)
  An orc wizard (D:4)
  A worker ant (D:4)
  5 adders
  2 oozes (D:1)
  4 worms
  A leopard gecko (D:2)
  4 orcs (D:4)
  A ball python (D:3)
  4 bats
  6 goblins
  2 hobgoblins
  2 jackals
  10 kobolds
  A quokka (D:3)
  3 frilled lizards
  6 rats
55 creatures vanquished.

Notes
Turn   | Place    | Note
-------+----------+-------------------------------------------
     0 | D:1      | Alarkh the Demonspawn Monk began the quest for the Orb.
     0 | D:1      | Reached XP level 1. HP: 18/18 MP: 1/1
   243 | D:1      | Gained mutation: You have a somewhat thin skeletal structure. (Dex +2, Stealth) [demonic ancestry]
   243 | D:1      | Reached XP level 2. HP: 20/24 MP: 2/2
   954 | D:2      | Gained mutation: You have a moderately thin skeletal structure. (Dex +4, Stealth+) [demonic ancestry]
   954 | D:2      | Reached XP level 3. HP: 29/29 MP: 3/3
  1378 | D:2      | Reached XP level 4. HP: 36/36 MP: 4/4
  1694 | D:3      | Found an ornate altar of the Wu Jian Council.
  2221 | D:4      | Gained mutation: You are immune to rotting. [demonic ancestry]
  2221 | D:4      | Reached XP level 5. HP: 42/42 MP: 5/5
  2361 | D:4      | Noticed an ogre
  2372 | D:4      | Killed an ogre
  2372 | D:4      | Gained mutation: You have sharp fingernails. [demonic ancestry]
  2372 | D:4      | Reached XP level 6. HP: 28/48 MP: 6/6
  2390 | D:4      | Quit the game

Vault maps used:
D:1:      roderic_crossed_star, st_stairs_1
D:3:      lemuel_crystal_altar, first_bread
D:4:      uniq_eustachio

Skill      XL: |  1  2  3  4  5 |
---------------+----------------+-----
Long Blades    | 3 4 |  4.8
Dodging        | 3 |  3.8
Fighting       | 4 |  4.3
Stealth        | |  1.7

Action                   |  1- 3 |  4- 6 || total
-------------------------+-------+-------++-------
Melee: Falchion          |     9 |       ||     9
       Short sword       |    56 |    60 ||   116
  Use: Potion            |     1 |       ||     1
       Scroll            |     2 |     4 ||     6
 Stab: Sleeping          |    12 |     5 ||    17
       Invisible         |     1 |       ||     1
       Distracted        |     1 |       ||     1
  Eat: Chunk             |     1 |     4 ||     5
Armor: Robe              |    12 |     4 ||    16
Dodge: Dodged            |    28 |    35 ||    63
       Rpst.: Falchion   |     1 |       ||     1
